 Dungeon Sprint DCSS version 0.28-a0-1524-ge72afd5fc6 (webtiles) character file.

Game seed: 12883997351141571633

1285 mhtbhm the Cleaver (level 8, -2/68 (82) HPs)
             Began as a Minotaur Fighter on Jan 17, 2022.
             Was an Initiate of Gozag.
             Slain by Josephine (3 damage)
             ... in the Dungeon (Sprint III: "The Ten Rune Challenge").
             The game lasted 00:01:53 (1179 turns).

mhtbhm the Cleaver (Minotaur Fighter)               Turns: 1179, Time: 00:01:53

HP:   -2/68 (82)    AC:  9    Str: 23    XL:     8   Next: 29%
MP:   7/7           EV: 10    Int:  5    God:    Gozag
Gold: 454           SH:  6    Dex: 10    Spells: 7/7 levels left

rFire   . . .      SeeInvis .   a - +0 war axe
rCold   + . .      Faith    .   c - +0 buckler
rNeg    . . .      Spirit   .   b - +0 scale mail
rPois   .          Reflect  .   (helmet restricted)
rElec   .          Harm     .   (no cloak)
rCorr   .          Rampage  .   (no gloves)
Will    .....      NoTele   +   (no boots)
Stlth   ..........              (no amulet)
HPRegen 0.21/turn               (no ring)
MPRegen 0.10/turn               (no ring)

@: mighty, heavily drained, very slow
A: horns 2, retaliatory headbutt, cold resistance 1, MP-powered wands
a: Renounce Religion, Potion Petition, Call Merchant, Bribe Branch


You were in the Dungeon.
You worshipped Gozag.
Gozag was aware of your devotion.
You visited 1 branch You collected 454 gold pieces.

Inventory:

Hand Weapons
 a - a +0 war axe (weapon)
Armour
 b - a +0 scale mail (worn)
 c - a +0 buckler (worn)
Scrolls
 j - a scroll of blinking
 k - a scroll of immolation {unknown}
 l - a scroll of torment {unknown}
 m - 4 scrolls of identify
 n - a scroll of holy word {unknown}
Potions
 e - 2 potions of curing
 g - a potion of haste
 h - 2 potions of magic
 i - a potion of berserk rage
 o - 2 potions of flight
 p - 5 potions of mutation
Miscellaneous
 f - a piece from Xom's chessboard (15/15)


   Skills:
 + Level 11.2 Fighting
 + Level 12.3 Axes
 + Level 11.7 Armour
 + Level 2.7 Dodging
 + Level 0.1 Stealth
 + Level 10.3 Shields
 + Level 0.1 Evocations


You had 7 spell levels left.
You didn't know any spells.
Your spell library contained the following spells:

 Spells                   Type           Power      Damage    Failure   Level
 Ozocubu's Armour         Ice            0%         N/A       99%         3
 Tukima's Dance           Hex            0%         N/A       99%         3
 Passage of Golubria      Tloc           0%         N/A       100%        4
 Metabolic Englaciation   Hex/Ice        0%         N/A       100%        5
 Yara's Violent Unravell  Hex/Tmut       0%         3d3       100%        5
 Simulacrum               Ice/Necr       0%         N/A       100%        6


Dungeon Overview and Level Annotations

Branches:
Dungeon (1/1)

Altars:
Cheibriados
Dithmenos
Elyvilon
Fedhas
Gozag
Hepliaklqana
Kikubaaqudgha
Makhleb
Nemelex Xobeh
Okawaru
Qazlal
Ru
Sif Muna
Trog
Uskayaw
Vehumet
Wu Jian
Xom
Yredelemnul
Zin
The Shining One
Beogh
Jiyva
Lugonu

Annotations:
D Josephine


Innate Abilities, Weirdness & Mutations

You have a pair of horns on your head.
You reflexively headbutt those who attack you in melee.
Your flesh is cold resistant. (rC+)
You expend magic power (3 MP) to strengthen your wands.


Message History

Josephine is lightly wounded.
Josephine gestures at you while chanting.
The ghostly flame explodes!
The ghostly fireball engulfs you!!
You feel drained.
The ghostly fireball engulfs Josephine.
Josephine completely resists.
You slash Josephine!
Josephine is lightly wounded.
Josephine closely misses you.
You hit Josephine but do no damage. You headbutt Josephine!
Josephine is moderately wounded.
Josephine points at you and mumbles some strange words.
The ghostly flame explodes!
The ghostly fireball engulfs you!!
You feel drained.
The ghostly fireball engulfs Josephine.
Josephine completely resists.
Your unstable footing causes you to fumble your attack.
Josephine drinks a potion.
Josephine seems to speed up.
You slash Josephine!
You headbutt Josephine, but do no damage.
Josephine is heavily wounded.
Josephine points at you and mumbles some strange words.
The ghostly flame explodes!
The ghostly fireball engulfs you!
You feel drained.
* * * LOW HITPOINT WARNING * * *
The ghostly fireball engulfs Josephine.
Josephine completely resists.
You feel much better. Josephine hits you with a +0 dagger.
You block Josephine's attack.
You feel very mighty all of a sudden. Josephine hits you but does no damage.
Your unstable footing causes you to fumble your attack.
Josephine splashes around in the water. x2
You barely miss Josephine.
Josephine is moderately wounded.
Josephine gestures at you while chanting.
The ghostly flame explodes!
The ghostly fireball engulfs you!!
You feel drained.
* * * LOW HITPOINT WARNING * * *
The ghostly fireball engulfs Josephine.
Josephine completely resists.
Your unstable footing causes you to fumble your attack.
Josephine hits you with a +0 dagger.
You die...
Your body crumbles into a pile of gold.

#.############ $$$
$$ ..#___#___#__# $
$$ $$ $
..#...#__)#._# $ $
..###'#'###)##$ $
..#....).....#$ $
..'.⌠........# $ $$$
..#...######'#$$ $$$
$
..#.⌠.#__#...#+#####
..#...#__#...#§§@@§+
..#)###__#...#§#§§§#
..#...#__#...'.#§§§#
..#___#__'...#.#§§.#
▓▓▓▓▓▓▓▓▓▓▓▓▓▓▓▓▓▓▓▓


You could see Josephine (fast).

Vanquished Creatures
  A deep elf pyromancer (D)
  A shadow (D)
  A spatial vortex (D)
  A necrophage (D)
  A water elemental (D)
  A jelly (D)
  Jessica (D)
  A wizard (D)
  A necromancer (D)
  3 humans (D)
  A kobold demonologist (D)
  A wolf (D)
  2 endoplasms (D)
16 creatures vanquished.

Notes
Turn   | Place    | Note
-------+----------+-------------------------------------------
     0 | D        | mhtbhm the Minotaur Fighter began the quest for the Orb.
     0 | D        | Reached XP level 1. HP: 19/19 MP: 0/0
    22 | D        | Noticed Jessica
    26 | D        | Killed Jessica
    27 | D        | Reached skill level 5 in Fighting
    27 | D        | Reached skill level 3 in Axes
    27 | D        | Reached skill level 5 in Armour
    27 | D        | Reached skill level 5 in Shields
    27 | D        | Reached XP level 2. HP: 29/29 MP: 1/1
    27 | D        | Reached XP level 3. HP: 36/36 MP: 2/2
    76 | D        | Gained mutation: You have hidden genetic defects. [potion
                  | of mutation]
    76 | D        | Gained mutation: You occasionally shout uncontrollably at
                  | your foes. [potion of mutation]
    76 | D        | Lost mutation: You have hidden genetic defects. [potion of
                  | mutation]
    79 | D        | Lost mutation: You occasionally shout uncontrollably at
                  | your foes. [potion of mutation]
    79 | D        | Gained mutation: You expend magic power (3 MP) to
                  | strengthen your wands. [potion of mutation]
    79 | D        | Gained mutation: Your flesh is cold resistant. (rC+)
                  | [potion of mutation]
   227 | D        | Noticed a water elemental
   240 | D        | Killed a water elemental
   241 | D        | Reached skill level 4 in Axes
   241 | D        | Reached XP level 4. HP: 2/47 MP: 3/3
   553 | D        | Reached skill level 5 in Axes
   553 | D        | Reached XP level 5. HP: 47/52 MP: 4/4
   583 | D        | Noticed a shadow
   591 | D        | Killed a shadow
   592 | D        | Reached skill level 7 in Axes
   592 | D        | Reached XP level 6. HP: 55/62 MP: 5/5
   631 | D        | Found a blossoming altar of Fedhas.
   631 | D        | Found a stormy altar of Qazlal.
   631 | D        | Found a snail-covered altar of Cheibriados.
   631 | D        | Found a burning altar of Makhleb.
   631 | D        | Found a shimmering altar of Xom.
   631 | D        | Noticed a spatial vortex
   632 | D        | Found a hazy altar of Hepliaklqana.
   632 | D        | Found an opulent altar of Gozag.
   632 | D        | Found a sparkling altar of Nemelex Xobeh.
   632 | D        | Found a corrupted altar of Lugonu.
   632 | D        | Found a viscous altar of Jiyva.
   643 | D        | Killed a spatial vortex
   644 | D        | Reached skill level 8 in Axes
   644 | D        | Reached skill level 10 in Armour
   644 | D        | Reached skill level 1 in Dodging
   649 | D        | Became a worshipper of Gozag Ym Sagoz the Greedy
   665 | D        | Found a basalt altar of Yredelemnul.
   665 | D        | Found a shadowy altar of Dithmenos.
   665 | D        | Found a sacrificial altar of Ru.
   674 | D        | Reached XP level 7. HP: 59/71 MP: 6/6
   739 | D        | Found a glowing silver altar of Zin.
   739 | D        | Found a glowing golden altar of the Shining One.
   739 | D        | Found a white marble altar of Elyvilon.
   740 | D        | Noticed a deep elf pyromancer
   752 | D        | Killed a deep elf pyromancer
   753 | D        | Reached skill level 10 in Fighting
   753 | D        | Reached skill level 11 in Axes
   753 | D        | Reached skill level 10 in Shields
  1025 | D        | Found a radiant altar of Vehumet.
  1025 | D        | Found a shimmering blue altar of Sif Muna.
  1025 | D        | Found an ancient bone altar of Kikubaaqudgha.
  1031 | D        | Reached XP level 8. HP: 81/81 MP: 7/7
  1087 | D        | Found a hide-covered altar of Uskayaw.
  1087 | D        | Found an iron altar of Okawaru.
  1087 | D        | Found a bloodstained altar of Trog.
  1087 | D        | Found an ornate altar of the Wu Jian Council.
  1099 | D        | Reached skill level 12 in Axes
  1161 | D        | Noticed Josephine
  1178 | D        | HP: 1/68 [Josephine/ghostly fireball (33)]
  1179 | D        | Slain by Josephine

Illustrated notes

Levels and vault maps discovered:
D:        dungeon_sprint_mu [sprint_mu_entry_cave, sprint_mu_temple_rooms,
          sprint_mu_d1_horrors, sprint_mu_d2_genie, sprint_mu_d3_branching,
          sprint_mu_orc_legion, sprint_mu_elf_gauntlet, sprint_mu_hive_nellie,
          sprint_mu_lair_fedhas, sprint_mu_vaults_butterflies,
          sprint_mu_slime_circle, sprint_mu_shoals_kraken,
          sprint_mu_snake_twists, sprint_mu_blade_basic,
          sprint_mu_crypt_fortress, sprint_mu_tomb_spiral,
          sprint_mu_vestibule_basic, sprint_mu_gehenna_hellfire,
          sprint_mu_dis_giant, sprint_mu_tartarus_statrot,
          sprint_mu_cocytus_islands, sprint_mu_zot1]

Skill      XL: |  1  2  3  4  5  6  7  8 |
---------------+-------------------------+-----
Fighting       | 5 7 8 9 10 11 | 11.2
Armour         | 5 7 9 10 11 | 11.7
Shields        | 5 7 8 9 10 | 10.3
Axes           | 3 4 5 7 8 11 12 | 12.3
Dodging        | 1 2 |  2.7
Stealth        | |  0.1
Evocations     | |  0.1

Action                   |  1- 3 |  4- 6 |  7- 9 || total
-------------------------+-------+-------+-------++-------
Melee: War axe           |    22 |    25 |    32 ||    79
       Headbutt          |     4 |     7 |     5 ||    16
Evoke: Piece from Xom's  |       |       |     1 ||     1
  Use: Potion            |     3 |       |     3 ||     6
Armor: Scale mail        |     4 |     9 |     7 ||    20
Dodge: Dodged            |    11 |     5 |     7 ||    23
Block: Buckler           |     2 |     2 |     3 ||     7

Table legend: (Time is in decaauts)
 A = Elapsed time spent in this place.
 B = Non-inter-level travel time spent in this place.
 C = Inter-level travel time spent in this place.
 D = Time resting spent in this place.
 E = Time spent auto-exploring this place.
 F = Levels seen in this place.
 G = Mean time per level.
                   A        B        C        D        E       F      G
               +--------+--------+--------+--------+--------+-----+--------+
         Total |   1197 |   1197 |      0 |    880 |     31 |   1 | 1197.0 |
       Dungeon |   1197 |   1197 |      0 |    880 |     31 |   1 | 1197.0 |
               +--------+--------+--------+--------+--------+-----+--------+

Top non-repeatable levels by time:
       D: 1197 daAuts
